 Dungeon Crawl Stone Soup version 0.31-a0-536-ga3e2962e35 (webtiles) character file.

Game seed: 10379468166765234730

7 Ethylacetat the Slasher (level 2, -3/19 HPs)
             Began as an Octopode Gladiator on Aug 13, 2023.
             Slain by a kobold
             ... wielding a +0 short sword
              (4 damage)
             ... on level 1 of the Dungeon.
             The game lasted 00:00:25 (124 turns).

Ethylacetat the Slasher (Octopode Gladiator)         Turns: 124, Time: 00:00:26

Health: -3/19      AC:  1    Str: 13    XL:     2   Next: 4%
Magic:  2/2        EV: 14    Int: 10    God:
Gold:   6          SH:  0    Dex: 13    Spells: 1/1 levels left

rFire   . . .        a - +0 long sword
rCold   . . .        (no shield)
rNeg    . . .        b - +0 hat
rPois   .            (no amulet)
rElec   .            (no ring)
rCorr   .            (no ring)
SInv    .            (no ring)
Will    .....        (no ring)
Stlth   +++          (no ring)
HPRegen 0.23/turn    (no ring)
MPRegen 0.08/turn    (no ring)
                     (no ring)

%: no passive effects
@: invisible
A: almost no armour, amphibious, 8 rings, camouflage 1, gelatinous body 1,
(nimble swimmer 1), tentacles
a: no special abilities


You were on level 1 of the Dungeon.
You visited 1 branch of the dungeon, and saw 1 of its levels.

You collected 6 gold pieces.

Inventory:

Hand Weapons
 a - a +0 long sword (weapon)
Missiles
 c - 3 throwing nets (quivered)
 d - a javelin
Armour
 b - a +0 hat (worn)
Scrolls
 f - a scroll of immolation {unknown}


   Skills:
 + Level 2.1 Fighting
 + Level 3.1 Long Blades
 - Level 2.0 Throwing
 + Level 3.1 Dodging
 + Level 1.0 Stealth


You had one spell level left.
You didn't know any spells.
Your spell library was empty.

Dungeon Overview and Level Annotations

Branches:
Dungeon (1/15)

Altars:


Innate Abilities, Weirdness & Mutations

You cannot wear most types of armour.
You are amphibious.
You can wear up to eight rings at the same time.
Your skin changes colour to match your surroundings (Stealth+).
Your rubbery body absorbs attacks. (AC +1, EV +1)
((You are camouflaged when in or above water. (Stealth+)))
You have tentacles for arms and can constrict up to eight enemies at once.


Message History

You are too injured to fight recklessly!
A hobgoblin is nearby!
You are too injured to fight recklessly!
A hobgoblin is nearby!
You are too injured to fight recklessly!
A hobgoblin is nearby!
You hit the hobgoblin.
You kill the hobgoblin!
Your Stealth skill increases to level 1!
You have reached level 2!
A kobold comes into view. It is wielding a +0 short sword.
A kobold is nearby!
A gnoll comes into view. It is wielding a +0 flail.
Found a knobbly glowing staff.
Found a scroll labelled HEYMOI WATSO and a scroll labelled HUCIOL LALUPT.
The gnoll shouts!
The kobold shouts!
A quokka comes into view.
You barely miss the gnoll. Your grab misses the gnoll.
A bat comes into view.
The gnoll barely misses you.
You hit the gnoll but do no damage. You grab the gnoll.
You constrict the gnoll. The kobold closely misses you.
The gnoll hits you with a +0 flail. x2; The kobold misses you.
You hit the gnoll but do no damage.
The gnoll is lightly wounded.
You constrict the gnoll. The bat hits you but does no damage.
The gnoll hits you with a +0 flail!
Ouch! That really hurt!
* * * LOW HITPOINT WARNING * * *
The kobold hits you with a +0 short sword.
* * * LOW HITPOINT WARNING * * *
It was a potion of invisibility.
You fade into invisibility!
You constrict the gnoll. The bat completely misses you. The gnoll misses you.
The kobold closely misses you.
You catch the helpless gnoll completely off-guard!
You slash the gnoll!
You kill the gnoll!
The kobold hits you with a +0 short sword.
You die...

###### ......# ##
?......## #. ......r.#
#.
.....bK@###############.
.....................##.
........###########.###.
..|...... #.# #.
.......#. ######.###.
....... ....#.........#.
....... ......#.....#...
....... ..?...##...##..†
..... ..###.###...


You could see a quokka (unable to see you), a bat and a kobold (unable to see
you).

Vanquished Creatures
  A gnoll (D:1)
  A dart slug (D:1)
  A bat (D:1)
  A goblin (D:1)
  A hobgoblin (D:1)
  A frilled lizard (D:1)
6 creatures vanquished.

Notes
Turn   | Place    | Note
-------+----------+-------------------------------------------
     0 | D:1      | Ethylacetat the Octopode Gladiator began the quest for the
                  | Orb.
     0 | D:1      | Reached XP level 1. HP: 14/14 MP: 1/1
    68 | D:1      | Reached skill level 1 in Stealth
    68 | D:1      | Reached XP level 2. HP: 10/19 MP: 2/2
   124 | D:1      | Slain by a kobold

Illustrated notes

Levels and vault maps discovered:
D:1:      roderic_crossed_star, layout_rooms

Skill      XL: |  1 |
---------------+----+-----
Stealth        | 1 |  1.0
Fighting       | |  2.1
Long Blades    | |  3.1
Throwing       | |  2.0
Dodging        | |  3.1

Action                     || total
---------------------------++-------
  Melee: Long sword        ||    15
         Constrict         ||     5
         Tentacles         ||     1
    Use: Potion            ||     1
   Stab: Invisible         ||     1
 Armour: Skin              ||     2
  Dodge: Dodged            ||    13

Table legend: (Time is in decaauts)
 A = Elapsed time spent in this place.
 B = Non-inter-level travel time spent in this place.
 C = Inter-level travel time spent in this place.
 D = Time resting spent in this place.
 E = Time spent auto-exploring this place.
 F = Levels seen in this place.
 G = Mean time per level.
                   A        B        C        D        E       F      G
               +--------+--------+--------+--------+--------+-----+--------+
         Total |    127 |    127 |      0 |      0 |     91 |   1 |  127.0 |
       Dungeon |    127 |    127 |      0 |      0 |     91 |   1 |  127.0 |
               +--------+--------+--------+--------+--------+-----+--------+

Top non-repeatable levels by time:
     D:1: 127 daAuts
